 Dungeon Crawl Stone Soup version 0.22-a0-348-gd16d1391c7 (webtiles) character file.

6949 Kriby the Thaumaturge (level 10, -7/72 HPs)
             Began as a Mummy Necromancer on Apr 12, 2018.
             Was a Follower of Hepliaklqana.
             Mangled by a komodo dragon (31 damage)
             ... on level 9 of the Dungeon.
             The game lasted 00:28:36 (12777 turns).

Kriby the Thaumaturge (Mummy Necromancer)          Turns: 12777, Time: 00:28:37

Health: -7/72      AC:  5    Str: 12      XL:     10   Next: 80%
Magic:  28/36      EV: 12    Int: 17      God:    Hepliaklqana [*.....]
Gold:   237        SH:  0    Dex: 12 (13) Spells: 27/36 levels left

rFire    x . .     SeeInvis .   a - +6 dagger (elec)
rCold    + . .     Gourm    .   (no shield)
rNeg     + + +     Faith    .   w - +0 robe {MR+}
rPois    ∞         Spirit   .   (no helmet)
rElec    .         Reflect  .   s - +0 cloak
rCorr    .         Harm     .   (no gloves)
MR       +++..                  g - +1 pair of boots
Stlth    ++........             (no amulet)
HPRegen  0.22/turn              j - ring of magical power
MPRegen  0.25/turn              p - ring of protection from magic

@: no status effects
A: no food or potions, fire vulnerability, reduced essence, cold resistance 1,
negative energy resistance 3, torment resistance, unbreathing
a: Recall Ancestor, Ancestor Identity, Renounce Religion


You were on level 9 of the Dungeon.
You worshipped Hepliaklqana.
Hepliaklqana was aware of your devotion.
You were not hungry.

You visited 2 branches of the dungeon, and saw 10 of its levels.
You also visited: Sewer.

You collected 457 gold pieces.
You spent 220 gold pieces at shops.

Inventory:

Hand Weapons
 a - a +6 dagger of electrocution (weapon)
 b - a +2 quarterstaff of pain
 e - a +0 dagger
 l - the +12 long sword "Woogof" {slice, Fragile rF- MR+++ MP+9}
   (You found it on level 9 of the Dungeon)

   It inflicts extra damage upon your enemies.
   It makes you vulnerable to fire.
   It affects your resistance to hostile enchantments.
   It affects your magic capacity (+9).
   It will be destroyed if unequipped.
 n - a +1 spear of pain
 q - a cursed -2 hunting sling
 v - a +2 quarterstaff of chaos
Armour
 g - a +1 pair of boots (worn)
 o - a +0 buckler
 s - a +0 cloak (worn)
 w - a +0 robe of magic resistance (worn)
Magical Staves
 x - an uncursed staff of wizardry
Jewellery
 j - a ring of magical power (left hand)
 p - a ring of protection from magic (right hand)
Wands
 i - a wand of paralysis (30)
 m - a wand of flame (7)
 r - a wand of random effects (19)
 u - a wand of iceblast (11)
Scrolls
 c - 8 scrolls of identify
 d - a scroll of fog
 f - 2 scrolls of magic mapping
 h - 5 scrolls of amnesia
 k - 7 scrolls of teleportation
 t - a scroll of fear
 y - a scroll of blinking


   Skills:
 + Level 8.2 Fighting
 - Level 1.7 Dodging
 - Level 1.8 Stealth
 * Level 13.7 Spellcasting
 + Level 9.3 Necromancy


You had 27 spell levels left.
You knew the following spells:

 Your Spells              Type           Power        Failure   Level  Hunger
a - Pain                  Necr           ####         1%          1    N/A
b - Animate Skeleton      Necr           N/A          1%          1    N/A
c - Animate Dead          Necr           N/A          1%          4    N/A
d - Vampiric Draining     Necr           #####.....   1%          3    N/A

Dungeon Overview and Level Annotations

Branches:
Dungeon (9/15)             Temple (1/1) D:5            Lair (0/6) D:9
    Orc: D:9-12

Altars:
Ashenzari
Cheibriados
Dithmenos
Elyvilon
Fedhas
Gozag
Hepliaklqana
Kikubaaqudgha
Makhleb
Nemelex Xobeh
Okawaru
Qazlal
Ru
Sif Muna
Trog
Uskayaw
Vehumet
Wu Jian
Xom
Yredelemnul
Zin
The Shining One

Shops:
D:6 *

Annotations:
D:3 Dargar's ghost, amateur DrGl


Innate Abilities, Weirdness & Mutations

You do not eat or drink.
Your flesh is vulnerable to fire.
You are immune to poison.
Your flesh is cold resistant. (rC+)
You are immune to negative energy. (rN+++)
You are immune to unholy pain and torment.
You can survive without breathing.
Your life essence is reduced to manifest your ancestor. (-10% HP)


Message History

Casting: Pain (safe; 1% risk of failure)
Confirm with . or Enter, or press ? or * to list all spells.
Aiming: Pain (safe; 1% risk of failure)
Press: ? - help, Shift-Dir - straight line, f/p - komodo dragon
Aim: a komodo dragon (chance to defeat MR: 71%)
The komodo dragon writhes in agony!
Casting: Pain (safe; 1% risk of failure)
Confirm with . or Enter, or press ? or * to list all spells.
Aiming: Pain (safe; 1% risk of failure)
Press: ? - help, Shift-Dir - straight line, f/p - komodo dragon
Aim: a komodo dragon (lightly wounded, chance to defeat MR: 71%)
The komodo dragon writhes in agony!
The komodo dragon bites you!!
You swap places.
Your yak zombie gores the komodo dragon.
Demise hits the komodo dragon.
There is an open door, spattered with blood here.
You puncture the komodo dragon!
The komodo dragon is heavily wounded.
The komodo dragon bites you!!
You die...

#
#.......≈P≈≈[≈≈≈≈≈≈≈≈≈≈.......
#
#......#≈≈≈≈≈≈P≈≈≈≈≈≈P≈≈≈#####
# #......##♣P≈PPP≈≈≈≈≈≈≈≈≈P#
##.##### #P♣≈≈P≈≈≈≈≈≈≈≈P##
#>....####♣♣♣≈≈≈P≈≈≈≈♣##
#####..# ♣♣♣≈≈≈PP♣#
########'#### ♣♣♣≈≈≈≈♣#
#.....<.....###.♣♣♣≈♣ #
###.>.........#.@lR♣♣≈..+
..')..>......R#.#Z......#
###...........'.#.......#
#...........###.......#
############# #.......#
#########


You could see the friendly Demise the ancestor, a komodo dragon and a friendly
yak zombie.

Vanquished Creatures
  A kobold demonologist (D:8)
  A troll (D:9)
  Prince Ribbit (D:5)
  A hippogriff (D:7)
  2 yaks (D:9)
  2 orc warriors (D:9)
  2 ice beasts
  4 phantoms
  A black bear (D:9)
  3 sky beasts
  3 ogres
  2 centaurs
  11 big kobolds
  4 bullfrogs
  A gnoll sergeant (D:9)
  6 killer bees (D:7)
  2 wights (D:8)
  An electric eel (D:9)
  2 howler monkeys
  2 crimson imps (D:6)
  A centaur zombie (D:6)
  A quasit (D:9)
  3 hounds
  Crazy Yiuf (D:5)
  2 orc priests
  A centaur skeleton (D:9)
  7 worker ants
  Jessica (D:2)
  An iguana (D:5)
  4 orc wizards
  A killer bee zombie (D:9)
  A hound skeleton (D:5)
  A howler monkey zombie (D:9)
  10 gnolls
  12 adders
  2 river rats (Sewer)
  A shadow imp (D:7)
  2 oozes
  3 adder skeletons
  An adder zombie (D:6)
  2 worms
  6 leopard geckos
  26 orcs
  6 giant cockroaches
  10 goblins
  6 hobgoblins
  15 jackals
  12 kobolds
  5 quokkas
  6 ball pythons
  10 bats
  3 frilled lizards
  10 rats
  A fungus (D:5)
226 creatures vanquished.

Vanquished Creatures (collateral kills)
  Joseph (D:8)
  Maurice (D:7)
  3 yaks (D:9)
  A necrophage (D:6)
  4 big kobolds
  2 bullfrogs (D:6)
  2 wights (D:8)
  An electric eel (D:9)
  A crimson imp (D:9)
  An orc wizard (D:6)
  2 orc priests (D:9)
  A bullfrog skeleton (D:6)
  A hound skeleton (D:6)
  2 gnolls (D:6)
  An adder (D:7)
  An adder skeleton (D:8)
  A worm (D:2)
  A dart slug (D:2)
  4 orcs
  A goblin (D:1)
  3 kobolds
  A bat (D:1)
36 creatures vanquished.

Vanquished Creatures (others)
  3 ancestors (D:9)
  A kobold (D:8)
  4 plants (D:9)
8 creatures vanquished.

Grand Total: 270 creatures vanquished

Notes
Turn   | Place    | Note
-------+----------+-------------------------------------------
     0 | D:1      | Kriby the Mummy Necromancer began the quest for the Orb.
     0 | D:1      | Reached XP level 1. HP: 13/13 MP: 4/4
   152 | D:1      | Learned a level 1 spell: Animate Skeleton
   385 | D:1      | Reached XP level 2. HP: 19/19 MP: 0/5
   397 | D:1      | Reached skill level 3 in Spellcasting
  1229 | D:1      | Reached XP level 3. HP: 25/25 MP: 5/8
  1460 | D:2      | Noticed Jessica
  1466 | D:2      | Killed Jessica
  1466 | D:2      | Reached skill level 1 in Fighting
  1466 | D:2      | Reached skill level 4 in Spellcasting
  1472 | D:2      | Reached XP level 4. HP: 29/32 MP: 0/10
  2005 | D:2      | Found a shadowy altar of Dithmenos.
  2384 | D:2      | Reached XP level 5. HP: 38/38 MP: 9/12
  2417 | D:2      | You fall through a shaft!
  2655 | D:3      | Reached skill level 5 in Spellcasting
  2799 | D:2      | Found a white marble altar of Elyvilon.
  2853 | D:3      | Noticed Dargar's ghost (amateur DrGl)
  2942 | D:3      | Found a glowing drain.
  2987 | Sewer    | Entered a sewer
  3503 | Sewer    | Reached skill level 6 in Spellcasting
  3503 | Sewer    | Reached skill level 5 in Necromancy
  3503 | Sewer    | Reached XP level 6. HP: 33/46 MP: 3/15
  4260 | D:4      | Found an ancient bone altar of Kikubaaqudgha.
  4774 | D:4      | Reached XP level 7. HP: 52/52 MP: 17/17
  4938 | D:4      | Found a glowing golden altar of the Shining One.
  4962 | D:4      | Found a stormy altar of Qazlal.
  4969 | D:4      | Found a bloodstained altar of Trog.
  4976 | D:4      | Found an opulent altar of Gozag.
  4983 | D:4      | Found a radiant altar of Vehumet.
  4988 | D:4      | Found an iron altar of Okawaru.
  4999 | D:4      | Found a deep blue altar of Sif Muna.
  5295 | D:5      | Entered Level 5 of the Dungeon
  5496 | D:5      | Found a staircase to the Ecumenical Temple.
  5535 | D:5      | Reached skill level 7 in Spellcasting
  6006 | D:5      | Noticed Prince Ribbit
  6027 | D:5      | Killed Prince Ribbit
  6027 | D:5      | Reached skill level 8 in Spellcasting
  6027 | D:5      | Reached XP level 8. HP: 60/60 MP: 18/20
  6102 | D:5      | Learned a level 4 spell: Animate Dead
  6535 | D:5      | Found a runed door.
  6539 | D:5      | Noticed Crazy Yiuf
  6544 | D:5      | Killed Crazy Yiuf
  6608 | D:6      | Found a shattered altar of Ashenzari.
  6636 | D:6      | Reached skill level 9 in Spellcasting
  6958 | D:6      | Reached skill level 5 in Fighting
  7501 | D:6      | Found Xoamitate's General Store.
  7503 | D:6      | Reached skill level 10 in Spellcasting
  7559 | D:6      | Bought a +2 quarterstaff of pain for 220 gold pieces
  7744 | D:6      | Found a burning altar of Makhleb.
  7902 | D:7      | Reached XP level 9. HP: 41/68 MP: 21/23
  8619 | D:7      | Reached skill level 11 in Spellcasting
  9122 | Temple   | Entered the Ecumenical Temple
  9214 | Temple   | Became a worshipper of Hepliaklqana the Forgotten
  9327 | D:8      | Found an ornate altar of the Wu Jian Council.
  9706 | D:8      | Noticed Joseph
  9723 | D:8      | Noticed Maurice
 10054 | D:8      | Reached * piety under Hepliaklqana
 10056 | D:8      | Noticed a kobold demonologist
 10130 | D:8      | Killed a kobold demonologist
 10130 | D:8      | Reached skill level 12 in Spellcasting
 10143 | D:8      | Reached XP level 10. HP: 46/71 MP: 26/26
 10346 | D:7      | Killed Maurice
 10637 | D:8      | Learned a level 3 spell: Vampiric Draining
 10976 | D:8      | Killed Joseph
 11137 | D:9      | Found a blossoming altar of Fedhas.
 12044 | D:9      | Reached skill level 13 in Spellcasting
 12525 | D:9      | Identified the +12 long sword "Woogof" {slice, Fragile rF- MR+++ MP+9} (You found it on level 9 of the Dungeon)
 12533 | D:9      | Found a staircase to the Lair.
 12777 | D:9      | Mangled by a komodo dragon

Vault maps used:
D:1:      nicolae_arrival_memento_mori
D:2:      nicolae_dithmenos_through_a_glass_darkly, first_ration,
          elyvilon_altar_1, uniq_jessica
D:3:      serial_aquarium, aquarium_bridge_long_joined, aquarium_window_1,
          aquarium_window_fake, aquarium_view_2b, gup_sewer_entry_glass
D:4:      lemuel_crystal_altar, grunt_temple_overflow_octagram
D:5:      minmay_temple_entry_purple_smoke, serial_bayou_ford_a,
          minmay_misc_feat_columns, minmay_misc_feat_cross,
          uniq_crazy_yiuf_cottage, uniq_prince_ribbit1
D:6:      makhleb_blood_cavern_becter, serial_shops, nicolae_shop_statue_plus,
          ashenzari_altar_1
D:7:      kb_lookout_dungeons_type
D:8:      lemuel_crystal_altar, serial_co_window_serial, co_window_corner_a,
          co_window_paths_a, co_window_paths_b, co_window_paths_b,
          co_window_of_opportunity_a, co_window_broadway_a,
          co_window_of_opportunity_c, co_window_broadway_a, co_window_4corner_a,
          special_room, uniq_maurice, uniq_joseph
D:9:      fedhas_altar_1, david_lair_shrubbed, grunt_pizzeria,
          serial_bayou_lagoon_b
Temple:   dpeg_three_leaves_temple
Sewer:    sewer_co_15_rooms

Skill      XL: |  1  2  3  4  5  6  7  8  9 10 |
---------------+-------------------------------+-----
Spellcasting   | 3 4 6 8 10 12 13 | 13.7
Fighting       | 1 2 3 4 5 7 8 |  8.2
Necromancy     | 5 6 7 8 9 |  9.3
Dodging        | |  1.7
Stealth        | |  1.8

Action                   |  1- 3 |  4- 6 |  7- 9 | 10-12 || total
-------------------------+-------+-------+-------+-------++-------
Melee: Dagger            |    17 |    46 |    71 |    11 ||   145
       Quarterstaff      |       |       |    33 |    20 ||    53
       Spear             |       |       |       |    12 ||    12
 Cast: Pain              |    57 |   164 |   224 |    99 ||   544
       Animate Skeleton  |    12 |    25 |     3 |       ||    40
       Animate Dead      |       |       |    28 |    15 ||    43
       Vampiric Draining |       |       |       |     3 ||     3
Invok: Recall Ancestor   |       |       |     2 |     2 ||     4
       Ancestor Identity |       |       |     1 |       ||     1
Evoke: Wand              |       |     4 |    13 |    22 ||    39
  Use: Scroll            |       |     9 |     6 |     4 ||    19
 Stab: Sleeping          |       |     1 |       |     1 ||     2
       Distracted        |       |       |     1 |       ||     1
       Paralysed         |       |       |       |     5 ||     5
Armor: Robe              |     8 |    27 |    41 |    35 ||   111
Dodge: Dodged            |    33 |    81 |   121 |    69 ||   304

Table legend:
 A = Spawn XP
 B = Non-spawn XP
 C = Spawn XP percentage of total XP
 D = Spawn monster count
 E = Non-spawn monster count
 F = Spawn count percentage of total count
 G = Total turns spent on level
                    A         B        C        D         E        F      G
               +---------+---------+-------+---------+---------+-------+---------
         Total |       0 |    9928 |   0.0 |       0 |     261 |   0.0 | 12777
               +---------+---------+-------+---------+---------+-------+---------
           D:1 |       0 |      41 |   0.0 |       0 |      26 |   0.0 |  1318
           D:2 |       0 |     158 |   0.0 |       0 |      24 |   0.0 |  1172
           D:3 |       0 |      90 |   0.0 |       0 |      31 |   0.0 |   933
           D:4 |       0 |     290 |   0.0 |       0 |      19 |   0.0 |  1236
           D:5 |       0 |    1128 |   0.0 |       0 |      25 |   0.0 |  1444
           D:6 |       0 |     941 |   0.0 |       0 |      26 |   0.0 |  1217
           D:7 |       0 |    2031 |   0.0 |       0 |      32 |   0.0 |  1874
           D:8 |       0 |    2348 |   0.0 |       0 |      23 |   0.0 |  1759
           D:9 |       0 |    2719 |   0.0 |       0 |      37 |   0.0 |  1086
         Sewer |       0 |     182 |   0.0 |       0 |      18 |   0.0 |   636
               +---------+---------+-------+---------+---------+-------+---------
